 Dungeon Crawl Stone Soup version 0.14-a0-30-gf0b6e91 (webtiles) character file.

279 Sachiko the Chopper (level 5, -3/41 (42) HPs)
             Began as a Hill Orc Skald on Sept 27, 2013.
             Slain by an orc
             ... wielding a +0,+2 orcish short sword
              (5 damage)
             ... on Level 3 of the Dungeon.
             The game lasted 00:10:11 (2187 turns).

Sachiko the Chopper (Hill Orc Skald)                Turns: 2187, Time: 00:10:13

HP  -3/41 (42)   AC  4     Str 15      XL: 5   Next: 16%
MP   9/9         EV 10     Int 12      God:
Gold 146         SH  0     Dex 12      Spells:  3 memorised,  1 level left

Res.Fire  : . . .   See Invis. : .   a - +0,+1 orc hand axe
Res.Cold  : . . .   Warding    : .   b - +0 orc leather armour
Life Prot.: . . .   Conserve   : .   (no shield)
Res.Poison: .       Res.Corr.  : .   (no helmet)
Res.Elec. : .       Clarity    : +   (no cloak)
Sust.Abil.: . .     Spirit.Shd : .   k - +0 pair of elf gloves {Dex+3}
Res.Mut.  : .       Stasis     : .   (no boots)
Res.Rott. : .       Flight     : .   (no amulet)
Saprovore : + . .                    (no ring)
                                     (no ring)

@: slightly resistant to hostile enchantments, very unstealthy
A: breathe flames 1, clarity, saprovore 1, slow metabolism 1, Dex -2
a: Convert to Beogh, Breathe Fire


You were on level 3 of the Dungeon.
You were not hungry.

You visited 1 branch of the dungeon, and saw 4 of its levels.

You collected 126 gold pieces.

Inventory:

Hand weapons
 a - a +0,+1 orcish hand axe (weapon)
Armour
 b - a +0 orcish leather armour (worn)
 k - a +0 pair of elven gloves of dexterity (worn)
Magical devices
 f - a wand of magic darts (14)
Comestibles
 d - 3 meat rations
 h - 2 bread rations
Scrolls
 g - a scroll of random uselessness
 l - a scroll of identify
 n - a scroll of fear
Potions
 e - a potion of brilliance
 j - a potion of invisibility {unknown}
 m - a potion of poison {unknown}
Books
 c - a book of Battle

   Spells                             Type                      Level
   *Infusion                          Charms                       1
   Shroud of Golubria                 Charms/Translocation         2
   *Song of Slaying                   Charms                       2
   Spectral Weapon                    Hexes/Charms                 3
   *Regeneration                      Charms/Necromancy            3
   Song of Shielding                  Charms                       4


   Skills:
 + Level 3.3 Fighting
 + Level 4.3 Axes
 + Level 2.1 Armour
 - Level 0.7 Dodging
 * Level 1.8 Spellcasting
 + Level 3.6 Charms


You had one spell level left.
You knew the following spells:

 Your Spells              Type           Power        Failure   Level  Hunger
a - Infusion              Chrm           #.....       8%          1    ##.....
b - Song of Slaying       Chrm           #.........   12%         2    ###....
c - Regeneration          Chrm/Necr      #.........   43%         3    ####...


Dungeon Overview and Level Annotations

Branches:
Dungeon (4/27)
 Temple: D:4-7

Altars:

Annotations:
D:4 dsn's ghost, average SpEn


Innate Abilities, Weirdness & Mutations

You can tolerate rotten meat.
You can breathe flames.
You possess an exceptional clarity of mind.
You are clumsy. (Dex -2)
You have a slow metabolism.


Message History

There are monsters nearby!
You see here a spear.
The orc priest mumbles some strange prayers to Beogh against you.
Something smites you!
* * * LOW HITPOINT WARNING * * *
The orc priest glows brightly for a moment.
There is a stone staircase leading down here.
You climb downwards.
A kobold and a player ghost come into view.
The kobold shouts!
Dsn's ghost turns its malevolent gaze towards you.
Found a scroll labeled MNEARE LICUOBLAI.
There is a stone staircase leading up here.
The kobold throws a dart.
The dart hits you!
* * * LOW HITPOINT WARNING * * *
You climb upwards.
The orc hits you with an orcish short sword.
* * * LOW HITPOINT WARNING * * *
The orc hits you with an orcish short sword.
You die...

#......#....)....
########..###o... #..###.o..
#..#...... ######### ###..#o##.#.
#.......###### #....#....#.
#####.#####.##...# #.#.####..#.
....#.##..#.##.#.#####.#.####..#.
....'...........@....o.........#.
....#####.#....#o###########...#.
....# #.######.####### #...#.
....# #%##.#.........#####...#.
....# #....#.#....##.##........
##### #..#.#....#..#.##.#......
#..#...#.#...#.##.#..#.##
#..###.......#.##....#.#
###....#.........#####.#.#


You could see an orc priest and an orc.

Vanquished Creatures
  Jessica (D:2)
  An adder (D:3)
  A giant mite (D:3)
  3 worms
  5 giant geckos
  A ball python (D:1)
  3 giant cockroaches (D:3)
  12 hobgoblins
  10 jackals
  A quokka (D:2)
  8 bats
  7 giant newts
  5 goblins (D:1)
  12 kobolds
  5 rats
75 creatures vanquished.

Notes
Turn   | Place    | Note
--------------------------------------------------------------
     0 | D:1      | Sachiko, the Hill Orc Skald, began the quest for the Orb.
     0 | D:1      | Reached XP level 1. HP: 16/16 MP: 3/3
    67 | D:1      | Reached XP level 2. HP: 18/23 MP: 4/4
    68 | D:1      | Reached skill level 3 in Charms
    94 | D:1      | Learned a level 2 spell: Song of Slaying
   261 | D:1      | Reached XP level 3. HP: 29/29 MP: 6/6
   410 | D:1      | Gained mutation: You possess an exceptional clarity of mind. [potion of mutation]
   410 | D:1      | Gained mutation: You can breathe flames. [potion of mutation]
   410 | D:1      | Gained mutation: You have a slow metabolism. [potion of mutation]
   827 | D:2      | Reached XP level 4. HP: 36/36 MP: 5/7
  1017 | D:2      | Noticed Jessica
  1023 | D:2      | Killed Jessica
  1035 | D:2      | Reached skill level 4 in Axes
  1303 | D:2      | Gained mutation: You are clumsy. (Dex -2) [potion of mutation]
  1607 | D:3      | Reached XP level 5. HP: 29/42 MP: 9/9
  1615 | D:3      | Learned a level 3 spell: Regeneration
  2185 | D:4      | Noticed dsn's ghost (average SpEn)
  2187 | D:3      | HP: 2/41 [orc/orcish short sword (5)]
  2187 | D:3      | Slain by an orc

Action                   |  1- 3 |  4- 6 || total
-------------------------+-------+-------++-------
Melee: Hand axe          |   127 |    78 ||   205
 Cast: Infusion          |     2 |     2 ||     4
       Song of Slaying   |     4 |       ||     4
 Abil: Breathe Fire      |     1 |       ||     1
  Use: Potion            |     6 |     1 ||     7
       Scroll            |     1 |     7 ||     8
